AoeStats
← LyamNoelenze12

Nomad

510616850Analyzed
2v2 RM · 2d ago on Oct 1, 2026· 37m 58s· 4 players
Game mode
Random Map
Map size
176×176
Population
200
Speed
Normal
Resources
Standard
Victory
Conquest
Starting age
Dark Age
Ending age
Imperial Age
RankedLock teamsTeams togetherTeam positionsShared explorationLock speedFull tech treeHidden civsTurbo modeCheats
Victory
Defeat
🇺🇸 Varangians · United States
676
+17
🇺🇸 Danes · United States
675
+17
🇵🇪 Inca · Peru
736
-18
🇮🇹 Sicilians · Italy
676
-16
Crawp
4:52 Loom
18:43 Feudal Age
24:28 Castle Age
23:21 Scale Barding Armor
23:30 Forging
24:54 Bloodlines
24:42 Light Cavalry
26:13 Husbandry
32:00 Stone Mining
34:42 Vendel Legacy
Assadar
4:02 Loom
16:39 Feudal Age
17:09 Fishing Lines
18:21 Double-Bit Axe
24:28 Fletching
29:01 Castle Age
27:14 Bloodlines
26:48 Man-at-Arms
27:48 Forging
27:39 Scale Mail Armor
29:59 Bow Saw
30:40 Squires
30:26 Arson
30:55 Squires
30:40 Arson
30:41 Gambesons
30:55 Bodkin Arrow
31:01 Padded Archer Armor
31:38 Iron Casting
31:19 Chain Mail Armor
30:55 Long Swordsman
32:25 Murder Holes
32:21 Guard Tower
35:07 Wheelbarrow
36:34 Hand Cart
draisressalent
6:37 Loom
17:14 Feudal Age
19:26 Double-Bit Axe
19:25 Horse Collar
19:31 Fishing Lines
21:19 Gold Mining
21:20 Stone Mining
24:49 Wheelbarrow
24:55 Town Watch
26:56 Forging
26:47 Scale Mail Armor
32:43 Castle Age
32:11 Fletching
32:22 Padded Archer Armor
33:50 Bow Saw
34:38 Stone Shaft Mining
34:38 Heavy Plow
38:05 Gold Shaft Mining
LyamNoelenze12
15:16 Feudal Age
16:34 Wheelbarrow
15:25 Champi Runner
15:52 Arson
16:10 Horse Collar
16:42 Double-Bit Axe
21:31 Gold Mining
23:40 Stone Mining
24:27 Scale Mail Armor
24:37 Forging
27:27 Forging
31:37 Castle Age
31:43 Pikeman
32:24 Squires
32:40 Chain Mail Armor
33:01 Iron Casting
33:19 Hand Cart
Connection lost

Rejoining the realm…

Still unreachable

The connection could not be restored.

Session expired

The server has moved on; the page needs a fresh start.